 Dungeon Crawl Stone Soup version 0.20.0-8-g6b59dc7 (console) character file.

549265 removed the Imperceptible (level 25, 0/197 HPs)
             Began as a Vampire Skald on May 31, 2017.
             Was the Champion of Dithmenos.
             Slain by a deep troll shaman (15 damage)
             ... while paralysed by a floating eye
             ... on level 5 of the Depths on June 1, 2017.
             The game lasted 04:11:32 (68131 turns).

removed the Imperceptible (Vampire Skald)          Turns: 68131, Time: 04:11:33

Health: 0/197      AC: 22    Str: 17    XL:     25   Next: 50%
Magic:  42/42      EV:  2    Int: 30    God:    Dithmenos [******]
Gold:   5841       SH:  0    Dex: 15    Spells: 6/54 levels left

rFire    + . .     SeeInvis +   a - +9 rapier "Ompul" {drain, Str+5}
rCold    + + +     Gourm    .   x - +3 shield of Context {rF+ rC+ rCorr Stlth-}
rNeg     + + +     Faith    .   I - +5 ring mail of the Locust {rElec Str+2 Slay+3 Stlth-}
rPois    .         Spirit   .   c - +1 helmet "Ommauch" {*Contam rC+ rN+}
rElec    +         Reflect  .   A - scarf {repulsion}
rCorr    +         Harm     .   U - +2 pair of gloves
MR       +++..                  D - +2 pair of boots
Stlth    ++++++++++             L - macabre finger necklace {rN+}
Regen    0.5/turn               B - ring of protection from magic
MPRegen  0.3/turn               M - +2 ring of slaying
                                r - +4 ring of intelligence

@: paralysed, lethally poisoned (0 -> 0), very slightly contaminated, wreathed
by umbra, invisible (expiring), repel missiles
A: fangs 3, see invisible, cold resistance 1, unbreathing, sturdy frame 1
}: 2/15 runes: decaying, serpentine
a: Bat Form, Shadow Step, Shadow Form, Renounce Religion


You were on level 5 of the Depths.
You worshipped Dithmenos.
Dithmenos was exalted by your worship.
You were not thirsty.

You visited 10 branches of the dungeon, and saw 47 of its levels.
You visited the Abyss 1 time.
You also visited: Labyrinth, Trove, Ossuary, Bailey and Ice Cave.

You collected 7323 gold pieces.
You spent 1482 gold pieces at shops.

Inventory:

Hand Weapons
 a - the +9 rapier "Ompul" (weapon) {drain, Str+5}
   (You found it on level 4 of the Dungeon)

   A truly terrible weapon, it drains the life of those it strikes.
   It affects your strength (+5).
Missiles
 s - 3 throwing nets (quivered)
 V - 2 curare-tipped needles
Armour
 c - the +1 helmet "Ommauch" (worn) {*Contam rC+ rN+}
   (You acquired it on level 15 of the Dungeon)

   It protects you from cold.
   It protects you from negative energy.
   It causes magical contamination when unequipped.
 x - the +3 shield of Context (worn) {rF+ rC+ rCorr Stlth-}
   (You acquired it on level 15 of the Dungeon)

   It protects you from fire.
   It protects you from cold.
   It protects you from acid and corrosion.
   It makes you less stealthy.
 z - the +0 helmet of Contentment {rF+}
   (You bought it in a shop on level 2 of the Orcish Mines)

   It protects you from fire.
 A - a scarf of repulsion (worn)
 D - a +2 pair of boots (worn)
 H - the +0 cloak of the Pits of Slime {Int+4}
   (You found it on level 3 of the Snake Pit)

   It affects your intelligence (+4).
 I - the +5 ring mail of the Locust (worn) {rElec Str+2 Slay+3 Stlth-}
   (You found it on level 5 of the Dungeon)

   It affects your strength (+2).
   It affects your accuracy and damage with ranged weapons and melee attacks
   (+3).
   It insulates you from electricity.
   It makes you less stealthy.
 U - a +2 pair of gloves (worn)
Jewellery
 i - an uncursed ring of protection from cold
 m - an uncursed ring of protection from fire
 r - a +4 ring of intelligence (on amulet)
 y - the amulet of Pugomes {Regen+ Int+4}
   (You found it on level 1 of the Elven Halls)

   [amulet of regeneration]

   It affects your intelligence (+4).
   It increases your rate of regeneration.
 B - a ring of protection from magic (left hand)
 L - the macabre finger necklace (around neck) {rN+}
   (You found it on level 12 of the Dungeon)

   [amulet of nothing]

   It protects you from negative energy.
 M - a +2 ring of slaying (right hand)
 P - an uncursed ring of poison resistance
Wands
 b - a wand of paralysis (1/24)
 w - a wand of digging (20/24)
 C - a wand of acid (6/15)
 E - a wand of digging (8/24)
 O - a wand of acid (7/15)
 Q - a wand of lightning (4/15)
Scrolls
 h - 12 scrolls of recharging
 k - 9 scrolls of fog
 o - 9 scrolls of magic mapping
 u - 2 scrolls of vulnerability
 v - 13 scrolls of teleportation
 J - 2 scrolls of enchant weapon
 K - 11 scrolls of enchant armour
 N - a scroll of summoning
 R - 15 scrolls of remove curse
 S - 18 scrolls of identify
 W - 2 scrolls of blinking
 X - 7 scrolls of fear
Potions
 d - 10 potions of ambrosia
 e - 2 potions of invisibility
 f - 3 potions of might
 g - 12 potions of flight
 j - 15 potions of curing
 n - 7 potions of magic
 p - 4 potions of resistance
 q - 7 potions of mutation
 t - 6 potions of haste
 F - 4 potions of agility
 G - 6 potions of cancellation
 T - 7 potions of heal wounds
 Y - 6 potions of brilliance
 Z - 33 potions of blood


   Skills:
 - Level 16.0 Fighting
 - Level 14.0(14.1) Short Blades
   Level 2.8(9.1) Long Blades
   Level 5.2 Maces & Flails
 - Level 11.0 Armour
 - Level 15.0 Dodging
 + Level 26.2 Stealth
 - Level 15.0 Shields
 - Level 15.0 Spellcasting
 - Level 15.0 Hexes
 - Level 5.0 Charms
 - Level 13.0 Summonings
 - Level 20.0 Necromancy
 - Level 3.5 Translocations
 - Level 5.3 Ice Magic


You had 6 spell levels left.
You knew the following spells:

 Your Spells              Type           Power        Failure   Level  Hunger
b - Ensorcelled Hibernat  Hex/Ice        ######       1%          2    None
c - Confuse               Hex            #######.     0%          3    None
d - Tukima's Dance        Hex            #######.     0%          3    None
e - Regeneration          Chrm/Necr      #######...   1%          3    None
f - Infestation           Necr           #######...   4%          8    ######.
g - Metabolic Englaciati  Hex/Ice        ######....   1%          5    None
h - Haunt                 Necr/Summ      #######...   2%          7    #####..
i - Invisibility          Hex            #######.     1%          6    ###....
l - Blink                 Tloc           N/A          1%          2    None
u - Dispel Undead         Necr           #######.     1%          5    None
w - Spectral Weapon       Hex/Chrm       ######..     1%          3    None
A - Apportation           Tloc           #####.       1%          1    None


Dungeon Overview and Level Annotations

Branches:
Dungeon (15/15)            Temple (1/1) D:6            Lair (6/6) D:8
  Swamp (4/4) Lair:3        Snake (4/4) Lair:3        Slime (0/5) Lair:6
    Orc (2/2) D:10            Elf (3/3) Orc:2        Vaults (4/5) D:14
  Crypt (3/3) Vaults:3       Tomb (0/3) Crypt:3      Depths (5/5) D:15
    Zot (0/5) Depths:5

Altars:
Ashenzari
Cheibriados
Dithmenos
Elyvilon
Fedhas
Gozag
Hepliaklqana
Kikubaaqudgha
Makhleb
Nemelex Xobeh
Okawaru
Qazlal
Ru
Sif Muna
Trog
Uskayaw
Vehumet
Xom
Yredelemnul
Zin
The Shining One
Beogh
Lugonu

Shops:
D:6 ?   D:13 ?[   D:14 =   D:15 *   Orc:2 (:[*   Elf:3 }   Snake:4 (!}
Vaults:3 *   Depths:1 *

Portals:
Hell: Lair:6 Depths:1 Depths:2 Depths:3 Depths:4 Depths:5
Abyss: Depths:4
Pandemonium: Depths:3 Depths:5
Ziggurat: Depths:4

Annotations:
D:6 exclusion: downstairs
Depths:2 exclusion: orange crystal statue
Abyss:1 Sonja


Innate Abilities, Weirdness & Mutations

You have razor-sharp teeth.
You have supernaturally acute eyesight. (SInv)
You can survive without breathing.
Your flesh is cold resistant. (rC+)
Your movements are slightly less encumbered by armour. (ER -2)


Message History

You feel sick. The deep troll bites you!
* * * LOW HITPOINT WARNING * * *
The deep troll claws you but does no damage.
The deep troll claws you.
* * * LOW HITPOINT WARNING * * *
The deep troll shaman bites you!
* * * LOW HITPOINT WARNING * * *
The deep troll shaman claws you!
* * * LOW HITPOINT WARNING * * *
The deep troll shaman claws you.
* * * LOW HITPOINT WARNING * * *
You flicker for a moment.
The deep troll bites you.
* * * LOW HITPOINT WARNING * * *
The deep troll claws you but does no damage.
The deep troll claws you.
* * * LOW HITPOINT WARNING * * *
The deep troll shaman bites you but does no damage.
The deep troll shaman claws you!
You die...

.....## ##........
......#..+.......##
.......# #........#
..⌠..### ..#....D.#
......####..##T..###
........)+.........#
.......###.#....G..###
⌠..#####.......TT##..##
...##....≈......@.....#
....###.............###
......##....)......##
####...##...........#
...####.'...#.##.#.##
......###......#####
........†.<......#
..##...†......###
.###†.......##


You could see a golden dragon, an iron troll, a deep troll, a deep troll shaman
and a floating eye.

Vanquished Creatures
  Mara (Vaults:4)
  Mennas (Crypt:1)
  Boris (Vaults:3)
  Xtahua (Vaults:3)
  Vashnia (Snake:3)
  Margery (Vaults:4)
  A caustic shrike (Depths:2)
  Nikola (Snake:1)
  A golden dragon (Depths:3)
  5 liches
  Jorgrun (Swamp:4)
  2 tentacled monstrosities
  2 deep elf blademasters
  A shard shrike skeleton (Crypt:3)
  A deep elf master archer (Elf:3)
  A quicksilver dragon (Depths:3)
  A titan (Depths:2)
  2 thorn hunters (Swamp:3)
  4 ancient champions
  6 sphinxes
  Kirke (D:13)
  A shadow dragon (Depths:5)
  4 tengu reavers
  4 revenants
  9 nagarajas
  12 fire giants
  2 storm dragons
  A draconian monk (Depths:5)
  2 orc warlords (Orc:2)
  5 iron dragons
  9 deep elf sorcerers
  8 frost giants
  8 vault wardens
  Aizul (Depths:3)
  4 curse skulls
  5 ghouls
  A draconian annihilator (Depths:3)
  3 deep elf elementalists (Elf:3)
  A draconian shifter (Depths:5)
  4 spriggan defenders
  A reaper (Crypt:2)
  15 very ugly things
  19 stone giants
  12 vampire knights
  11 ironheart preservers
  3 deep elf demonologists
  3 entropy weavers
  A green draconian (Depths:5)
  A dire elephant (Lair:6)
  Azrael (Orc:2)
  3 black draconians (Depths:5)
  8 deep elf annihilators
  A red draconian (Depths:5)
  18 spark wasps
  2 yellow draconians (Depths:5)
  4 eidola
  Snorg (Orc:2)
  An ettin (shapeshifter) (Depths:3)
  6 ettins
  2 crystal guardians
  11 fire dragons
  10 deep elf death magi
  15 jiangshi
  A quicksilver dragon zombie (Crypt:2)
  A minotaur (Lab)
  5 death oozes (Crypt:3)
  12 ogre magi
  8 great orbs of eyes
  Harold (Lair:2)
  4 deep elf high priests
  12 yaktaur captains
  28 hydras
  13 ice dragons
  A hell beast (Depths:1)
  8 rakshasas
  5 vault guards
  A catoblepas (Depths:1)
  7 spriggan air magi
  14 naga warriors
  15 centaur warriors
  13 anacondas
  3 death knights
  30 dancing weapons
  33 two-headed ogres
  11 alligators
  7 death yaks
  7 deep troll shamans
  A spectral fire giant (Crypt:3)
  10 vampire magi
  8 deep troll earth magi
  11 shock serpents
  14 spriggan berserkers
  21 naga sharpshooters
  2 tengu warriors (D:15)
  5 orc high priests
  A shock serpent (shapeshifter) (Depths:3)
  A sun demon (Lair:6)
  27 deep elf knights
  20 skeletal warriors
  22 shadow wraiths
  5 hell knights
  A soul eater (Crypt:3)
  5 salamander mystics
  2 spriggan druids (Swamp:4)
  25 deep trolls
  An iron troll (Depths:1)
  2 spark wasp zombies (D:15)
  8 sea snakes (Snake:4)
  A storm dragon skeleton (Depths:4)
  7 wizards
  3 unseen horrors
  A glowing orange brain (shapeshifter) (Depths:3)
  5 shambling mangroves
  A sea snake (shapeshifter) (Depths:3)
  13 deep elf archers
  6 naga ritualists
  9 swamp dragons
  11 ironbrand convokers
  2 spectral iron dragons (Crypt:3)
  4 glowing orange brains
  8 flayed ghosts
  An orange crystal statue (Depths:2)
  29 phantasmal warriors
  8 mana vipers
  A tengu zombie (Depths:4)
  10 necromancers
  5 harpies (Vaults:2)
  A large abomination (Abyss:2)
  20 orc knights
  2 wolf spiders
  An oklob plant (Snake:4)
  3 tengu skeletons
  5 orc sorcerers (Orc:2)
  29 ugly things
  A cyclops (shapeshifter) (Depths:3)
  9 cyclopes
  A shadow dragon skeleton (Depths:4)
  58 deep elf magi
  A manticore (D:15)
  16 salamanders
  8 guardian serpents (Snake:4)
  A stone giant skeleton (Crypt:2)
  2 frost giant skeletons
  Maurice (Orc:2)
  21 naga magi
  An ice statue (IceCv)
  Psyche (D:8)
  18 spiny frogs
  50 black mambas
  A rust devil (Depths:1)
  14 vault sentinels
  2 orange demons (Lair:6)
  A komodo dragon (shapeshifter) (D:15)
  A rime drake (shapeshifter) (D:14)
  A yellow draconian zombie (Crypt:2)
  A redback zombie (Crypt:1)
  47 yaktaurs
  5 rime drakes
  A kobold demonologist (D:15)
  An efreet (D:15)
  9 freezing wraiths
  12 komodo dragons
  A hellwing (Lair:6)
  3 ice devils (Lair:6)
  2 minotaur zombies (Lab)
  A meliai (D:15)
  2 tengu conjurers
  A queen bee (Lair:2)
  14 polar bears (IceCv)
  A yellow draconian skeleton (Crypt:1)
  Prince Ribbit (D:6)
  24 hornets
  A red devil (Depths:1)
  A wolf spider simulacrum (Crypt:2)
  A meliai (shapeshifter) (Depths:2)
  8 trolls
  The ghost of Typee the Slasher, an amateur BaSk (Ossuary)
  11 blink frogs
  6 tyrant leeches
  2 wind drakes (shapeshifter) (Depths:3)
  11 hippogriffs
  A fire dragon zombie (Crypt:2)
  66 slime creatures
  7 bog bodies
  A meliai zombie (Crypt:3)
  A blink frog (shapeshifter) (Depths:2)
  3 human simulacra
  A hippogriff (shapeshifter) (Vaults:3)
  2 centaur simulacra (D:15)
  2 frost giant simulacra
  An ice dragon zombie (D:15)
  A guardian serpent skeleton (Crypt:3)
  24 flying skulls
  Sigmund (D:2)
  4 redbacks
  2 starcursed masses (Abyss:2)
  A spriggan (shapeshifter) (Depths:1)
  9 air elementals
  2 vampires
  A fire dragon skeleton (Crypt:2)
  10 shadows
  A tarantella (shapeshifter) (Depths:5)
  A tarantella (Vaults:1)
  A yak (shapeshifter) (D:15)
  3 wyverns
  12 wraiths
  A wind drake zombie (Crypt:2)
  A basilisk (shapeshifter) (Depths:3)
  34 yaks
  A human (shapeshifter) (Vaults:2)
  Eustachio (D:5)
  16 water elementals
  3 basilisks (Lair:6)
  15 spriggans
  3 golden eyes (shapeshifter)
  A steam dragon (shapeshifter) (Depths:1)
  Grum (D:10)
  9 hungry ghosts
  19 humans (D:14)
  22 vampire mosquitoes
  A steam dragon (D:7)
  7 wargs
  4 fire elementals
  69 nagas
  An ogre zombie (Vaults:1)
  19 swamp worms
  12 insubstantial wisps
  A swamp worm (shapeshifter) (Elf:3)
  3 acid dragons
  24 water moccasins
  2 human zombies
  A floating eye (Depths:4)
  A spiny frog zombie (Crypt:2)
  11 hell hounds
  68 orc warriors
  A black bear (shapeshifter) (Depths:3)
  3 porcupines
  2 eyes of draining (shapeshifter)
  A black bear (D:7)
  3 phantoms
  2 spiny frog skeletons (Crypt:3)
  20 swamp drakes
  An elf zombie (Vaults:3)
  2 sky beasts
  3 necrophages
  A spectral troll (Crypt:3)
  26 wolves
  2 ice beasts
  2 eyes of draining
  33 ogres
  11 boggarts
  A boggart (shapeshifter) (Vaults:3)
  21 centaurs
  13 crocodiles
  A crocodile (shapeshifter) (Vaults:1)
  2 big kobolds
  A cyclops zombie (Crypt:1)
  A wyvern zombie (D:6)
  2 elf simulacra
  A komodo dragon skeleton (Crypt:3)
  A bullfrog (shapeshifter) (Vaults:4)
  15 bullfrogs
  4 earth elementals
  A wyvern skeleton (D:6)
  4 scorpions
  A scorpion (shapeshifter) (Depths:3)
  5 water moccasin zombies
  A water moccasin skeleton (Crypt:1)
  The ghost of Exporg the Skirmisher, a weakling MiFi (D:3)
  A warg skeleton (Crypt:3)
  40 killer bees
  12 wights
  A troll skeleton (Crypt:1)
  5 howler monkeys
  5 electric eels
  5 bullfrog skeletons
  5 centaur zombies
  4 crimson imps
  2 bullfrog zombies (D:4)
  2 jellies
  10 hounds
  26 orc priests
  22 orc wizards
  2 centaur skeletons
  An iguana (D:12)
  18 worker ants
  2 big kobold zombies (Ossuary)
  A demigod skeleton (Crypt:2)
  An ogre skeleton (Crypt:3)
  2 hound zombies
  A hound skeleton (D:8)
  14 mummies
  6 worker ant zombies
  A howler monkey zombie (D:8)
  8 gnolls
  26 adders
  A shadow imp (D:11)
  12 white imps (D:12)
  3 oozes
  7 adder zombies
  2 adder skeletons (D:4)
  A lava snake skeleton (Crypt:3)
  2 worms (D:2)
  A barachi zombie (Crypt:3)
  4 dart slugs
  7 leopard geckos
  112 orcs
  3 ball pythons
  10 bats
  13 giant cockroaches
  2 gnoll zombies (Ossuary)
  10 goblins
  5 hobgoblins
  10 jackals
  18 kobolds
  6 quokkas
  A ball python zombie (Crypt:1)
  5 frilled lizards
  3 giant cockroach zombies
  7 hobgoblin zombies (Ossuary)
  A jackal zombie (D:4)
  2 kobold zombies (Ossuary)
  3 leopard gecko skeletons
  A leopard gecko zombie (D:4)
  5 orc zombies (Ossuary)
  10 rats
  A river rat zombie (Crypt:2)
2453 creatures vanquished.

Vanquished Creatures (collateral kills)
  2 juggernauts (Depths:3)
  Sojobo (Depths:3)
  A tentacled monstrosity (Depths:4)
  A quicksilver dragon (Depths:3)
  Asterion (Snake:1)
  A lich (Depths:3)
  A spriggan defender (Depths:4)
  An ettin (Orc:1)
  A deep elf death mage (Depths:4)
  A great orb of eyes (shapeshifter) (Depths:4)
  2 deep troll earth magi (Depths:4)
  A glowing orange brain (Depths:4)
  2 deep trolls (Depths:4)
  A golden dragon skeleton (Depths:4)
  A harpy (shapeshifter) (Depths:4)
  A necromancer (Depths:4)
  A slime creature (Depths:3)
  An elf skeleton (Depths:4)
  An orc warrior (D:8)
  An orc priest (D:11)
  An orc wizard (D:13)
  An orc (D:11)
25 creatures vanquished.

Vanquished Creatures (others)
  A spriggan defender (Depths:4)
  A deep elf annihilator (Vaults:4)
  A rakshasa (Depths:2)
  An ogre mage (Vaults:3)
  A centaur warrior (Depths:4)
  A deep elf mage (Elf:2)
  A black mamba (Snake:4)
  9 yaktaurs (Vaults:4)
  A dancing weapon (IceCv)
  A shadow (Swamp:4)
  A wraith (D:13)
  A human (D:13)
  A naga (Snake:4)
  An ogre (Vaults:4)
  A scorpion (D:13)
  An orc wizard (Orc:2)
  A briar patch (Swamp:4)
  3 bushes (Lair:6)
  2 fungi (Lair:6)
  25 plants
  13 spectral weapons
  22 withered plants
90 creatures vanquished.

Grand Total: 2568 creatures vanquished

Notes
Turn   | Place    | Note
-------+----------+-------------------------------------------
     0 | D:1      | removed the Vampire Skald began the quest for the Orb.
     0 | D:1      | Reached XP level 1. HP: 16/16 MP: 3/3
   119 | D:1      | Reached XP level 2. HP: 22/22 MP: 5/5
   445 | D:1      | Reached skill level 1 in Maces & Flails
   810 | D:1      | Reached XP level 3. HP: 27/27 MP: 6/6
   959 | D:2      | Found a stormy altar of Qazlal.
  1128 | D:2      | Noticed Sigmund
  1225 | D:2      | Reached XP level 4. HP: 33/33 MP: 7/7
  1680 | D:3      | Noticed Exporg's ghost (weakling MiFi)
  1697 | D:3      | Reached XP level 5. HP: 38/38 MP: 8/8
  1970 | D:2      | Found a hazy altar of Hepliaklqana.
  2314 | D:2      | Found a burning altar of Makhleb.
  2314 | D:2      | Noticed a green death
  3654 | D:3      | Killed Exporg's ghost
  3654 | D:3      | Reached XP level 6. HP: 31/44 MP: 9/9
  3746 | D:3      | Found a basalt altar of Yredelemnul.
  3807 | D:3      | Reached skill level 5 in Maces & Flails
  4099 | D:4      | Got a crude rapier
  4100 | D:4      | Identified the +9 rapier "Ompul" {drain, Str+5} (You found it on level 4 of the Dungeon)
  4117 | D:4      | Reached skill level 1 in Short Blades
  4269 | D:4      | Reached XP level 7. HP: 37/49 MP: 10/10
  4486 | D:4      | Found a snail-covered altar of Cheibriados.
  4619 | D:4      | Reached skill level 5 in Short Blades
  4896 | D:5      | Entered Level 5 of the Dungeon
  5212 | D:5      | Noticed Eustachio
  5227 | D:5      | Killed Eustachio
  5305 | D:5      | Found a snail-covered altar of Cheibriados.
  5378 | D:5      | Reached XP level 8. HP: 37/55 MP: 11/11
  5433 | D:5      | Got a shimmering ring mail
  5444 | D:5      | Identified the +5 ring mail of the Locust {rElec Str+2 Slay+3 Stlth-} (You found it on level 5 of the Dungeon)
  5745 | D:5      | Got a smoking ring mail
  5822 | D:5      | Identified the cursed +1 ring mail of Pudghem {rCorr} (You found it on level 5 of the Dungeon)
  5916 | D:6      | Found a shattered altar of Ashenzari.
  5934 | D:6      | Found Sihasiwk's Magic Scroll Shoppe.
  6168 | D:6      | Found a staircase to the Ecumenical Temple.
  6210 | Temple   | Entered the Ecumenical Temple
  6298 | Temple   | Became a worshipper of Dithmenos the Shadowed
  6853 | D:6      | Noticed Prince Ribbit
  6874 | D:6      | Killed Prince Ribbit
  6977 | D:6      | Reached XP level 9. HP: 61/65 MP: 12/12
  6982 | D:6      | Learned a level 2 spell: Ensorcelled Hibernation
  6986 | D:6      | Learned a level 3 spell: Confuse
  7011 | D:6      | Reached skill level 1 in Hexes
  7169 | D:6      | Bought a scroll of fear for 42 gold pieces
  7169 | D:6      | Bought a scroll of remove curse for 36 gold pieces
  7169 | D:6      | Bought a scroll of remove curse for 36 gold pieces
  7496 | D:7      | Reached * piety under Dithmenos
  7569 | D:7      | Reached skill level 5 in Spellcasting
  7766 | D:7      | Found a runed door.
  7782 | D:7      | Found a runed door.
  7828 | D:7      | Learned a level 3 spell: Tukima's Dance
  7832 | D:7      | Learned a level 3 spell: Regeneration
  8140 | D:7      | Reached skill level 1 in Ice Magic
  8194 | D:7      | Reached XP level 10. HP: 71/71 MP: 8/19
  8427 | D:8      | Found a staircase to the Lair.
  8427 | D:8      | Noticed Psyche
  8436 | D:8      | Killed Psyche
  8446 | D:8      | Reached ** piety under Dithmenos
  8509 | D:8      | Found a flagged portal.
  8671 | Bailey   | Entered a bailey
  8675 | Bailey   | Reached skill level 5 in Ice Magic
  8680 | Bailey   | Reached skill level 1 in Stealth
  8682 | Bailey   | Noticed an orc knight
  8683 | Bailey   | Reached skill level 3 in Stealth
  8684 | Bailey   | Killed an orc knight
  8684 | Bailey   | Reached skill level 5 in Stealth
  8804 | Bailey   | Noticed an orc knight
  8808 | Bailey   | Killed an orc knight
  8808 | Bailey   | Reached skill level 7 in Stealth
  8880 | Bailey   | Noticed an orc knight
  8886 | Bailey   | Killed an orc knight
  8886 | Bailey   | Reached skill level 9 in Stealth
  8993 | D:8      | Reached skill level 10 in Stealth
  9014 | D:8      | Found a sand-covered staircase.
  9023 | Ossuary  | Entered an ossuary
  9090 | Ossuary  | Reached *** piety under Dithmenos
  9152 | Ossuary  | Noticed Typee's ghost (amateur BaSk)
  9176 | Ossuary  | Killed Typee's ghost
  9271 | D:8      | Reached skill level 10 in Short Blades
  9440 | D:8      | Reached XP level 11. HP: 72/77 MP: 20/20
  9462 | D:8      | Reached **** piety under Dithmenos
  9584 | D:8      | Found an ancient bone altar of Kikubaaqudgha.
  9906 | D:9      | Noticed a two-headed ogre
  9958 | D:9      | Killed a two-headed ogre
 10271 | D:9      | Found a blossoming altar of Fedhas.
 10538 | D:10     | Entered Level 10 of the Dungeon
 10674 | D:10     | Noticed Grum
 10675 | D:10     | Killed Grum
 10802 | D:10     | Found a staircase to the Orcish Mines.
 11321 | D:10     | Reached ***** piety under Dithmenos
 11678 | D:11     | Noticed a red ugly thing
 11685 | D:11     | Killed a red ugly thing
 11718 | D:11     | Noticed a two-headed ogre
 11721 | D:11     | Killed a two-headed ogre
 11905 | D:11     | Reached skill level 10 in Hexes
 11991 | D:11     | Noticed an unseen horror
 12002 | D:11     | Killed an unseen horror
 12467 | D:12     | Reached skill level 1 in Armour
 12548 | D:12     | Found a frozen archway.
 12580 | IceCv    | Entered an ice cave
 12775 | IceCv    | Reached XP level 12. HP: 83/83 MP: 8/21
 12995 | IceCv    | Reached skill level 5 in Dodging
 13237 | IceCv    | Noticed a frost giant
 13363 | IceCv    | Killed a frost giant
 13363 | IceCv    | Reached skill level 5 in Fighting
 13779 | D:12     | Found a shimmering altar of Xom.
 14487 | D:12     | Learned a level 2 spell: Blink
 14669 | D:11     | Reached skill level 1 in Translocations
 14737 | Lair:1   | Entered Level 1 of the Lair of Beasts
 15108 | Lair:1   | Reached skill level 5 in Charms
 15304 | Lair:2   | Noticed an eight-headed hydra
 15335 | Lair:2   | Found a labyrinth entrance.
 15339 | Lair:2   | Reached skill level 1 in Necromancy
 15361 | Lab      | Entered a labyrinth
 15742 | Lab      | Noticed a minotaur
 15745 | Lab      | Killed a minotaur
 15815 | Lair:2   | Learned a level 3 spell: Spectral Weapon
 15878 | Lair:2   | Reached XP level 13. HP: 93/93 MP: 22/22
 16108 | Lair:2   | Noticed Harold
 16111 | Lair:2   | Killed Harold
 16145 | Lair:2   | Learned a level 6 spell: Invisibility
 16147 | Lair:2   | Learned a level 1 spell: Apportation
 16706 | Lair:3   | Noticed Sonja
 16713 | Lair:3   | Banished Sonja
 16744 | Lair:3   | Found a staircase to the Snake Pit.
 16802 | Lair:3   | Reached ****** piety under Dithmenos
 16832 | Lair:3   | Got a transparent great mace
 17568 | Lair:3   | Found a staircase to the Swamp.
 18846 | Lair:5   | Reached skill level 11 in Stealth
 18968 | Lair:5   | Identified 2 scrolls of acquirement
 19317 | Lair:6   | Entered Level 6 of the Lair of Beasts
 19361 | Lair:6   | Reached skill level 12 in Stealth
 19425 | Lair:6   | Reached XP level 14. HP: 91/100 MP: 23/26
 19871 | Lair:6   | Reached skill level 13 in Stealth
 19908 | Lair:6   | Got a bronze ring mail
 20321 | Lair:6   | Found a burning altar of Makhleb.
 20353 | Lair:6   | Reached skill level 14 in Stealth
 20483 | Lair:6   | Found a gateway to Hell.
 20816 | Lair:6   | Found a staircase to the Slime Pits.
 20862 | Lair:6   | Identified the +2 ring mail of the Carpenter {rF+} (You found it on level 6 of the Lair of Beasts)
 21284 | D:2      | Killed Sigmund
 21470 | Orc:1    | Entered Level 1 of the Orcish Mines
 21732 | Orc:2    | Entered Level 2 of the Orcish Mines
 22184 | Orc:2    | Found a staircase to the Elven Halls.
 22476 | Orc:2    | Noticed an orc warlord
 22478 | Orc:2    | Noticed Azrael
 22483 | Orc:2    | Reached skill level 5 in Armour
 23026 | Orc:2    | Killed an orc warlord
 23103 | Orc:2    | Killed Azrael
 23138 | Orc:2    | Noticed an orc warlord
 23332 | Orc:2    | Killed an orc warlord
 23341 | Orc:2    | Reached XP level 15. HP: 105/110 MP: 19/27
 23399 | Orc:2    | Noticed Snorg
 23497 | Orc:2    | Killed Snorg
 23497 | Orc:2    | Reached skill level 10 in Dodging
 23881 | Orc:2    | Noticed Maurice
 23887 | Orc:2    | Killed Maurice
 23988 | Orc:2    | Found Lyid's General Store.
 23989 | Orc:2    | Found Vuorokip's Book Shoppe.
 23990 | Orc:2    | Found Geph's Antique Armour Shoppe.
 23990 | Orc:2    | Found Qophyggeavu's Antique Weapon Emporium.
 24099 | Orc:2    | Bought a jewelled helmet for 285 gold pieces
 24109 | Orc:2    | Identified the +0 helmet of Contentment {rF+} (You bought it in a shop on level 2 of the Orcish Mines)
 24122 | Orc:2    | Bought a scroll of enchant weapon for 105 gold pieces
 24123 | Orc:2    | Bought a scroll of summoning for 133 gold pieces
 24847 | D:13     | Found Upema's Armour Boutique.
 24942 | D:13     | Noticed Kirke
 24944 | D:13     | Killed Kirke
 25030 | D:13     | Found Epu Wear's Magic Scroll Boutique.
 25035 | D:13     | Bought a scroll of identify for 32 gold pieces
 25035 | D:13     | Bought a scroll of identify for 32 gold pieces
 25038 | D:13     | Bought a scroll of identify for 32 gold pieces
 25038 | D:13     | Bought a scroll of identify for 32 gold pieces
 25038 | D:13     | Bought a scroll of identify for 32 gold pieces
 25421 | D:14     | Reached skill level 15 in Stealth
 25689 | D:14     | Found a gate to the Vaults.
 25865 | D:14     | Found Tosoul's Jewellery Boutique.
 26339 | D:15     | Entered Level 15 of the Dungeon
 26925 | D:15     | Found a staircase to the Depths.
 27001 | D:15     | Found Idag Yje's Assorted Antiques.
 27033 | D:15     | Bought a metal-bound book for 285 gold pieces
 27246 | D:15     | Got a fine shield
 27252 | D:15     | Identified the +3 shield of Context {rF+ rC+ rCorr Stlth-} (You acquired it on level 15 of the Dungeon)
 27261 | D:15     | Got a crude helmet
 27272 | D:15     | Identified the +1 helmet "Ommauch" {*Contam rC+ rN+} (You acquired it on level 15 of the Dungeon)
 27522 | Snake:1  | Entered Level 1 of the Snake Pit
 27525 | Snake:1  | Reached XP level 16. HP: 117/120 MP: 27/29
 27670 | Snake:1  | Noticed Asterion
 27827 | Snake:1  | Killed Asterion
 28476 | Snake:1  | Noticed Nikola
 28496 | Snake:1  | Killed Nikola
 28496 | Snake:1  | Reached skill level 15 in Hexes
 28553 | Snake:1  | Reached skill level 1 in Shields
 29279 | Snake:2  | Reached skill level 5 in Shields
 30594 | Snake:3  | Noticed Vashnia
 30646 | Snake:3  | HP: 6/120 [anaconda (2)]
 31096 | Swamp:1  | Entered Level 1 of the Swamp
 31963 | Swamp:2  | Reached XP level 17. HP: 120/125 MP: 30/30
 32012 | Swamp:2  | Reached skill level 10 in Shields
 33650 | Swamp:4  | Entered Level 4 of the Swamp
 33841 | Swamp:4  | Reached skill level 16 in Stealth
 33871 | Swamp:4  | Noticed Jorgrun
 34298 | Swamp:4  | Killed Jorgrun
 34350 | Swamp:4  | Reached skill level 17 in Stealth
 34776 | Swamp:4  | Reached skill level 10 in Spellcasting
 35202 | Swamp:4  | Reached skill level 10 in Fighting
 35558 | Swamp:4  | Got a decaying rune of Zot
 35889 | Vaults:1 | Entered Level 1 of the Vaults
 36308 | Vaults:1 | Found a roughly hewn altar of Beogh.
 36368 | Vaults:1 | Reached XP level 18. HP: 87/134 MP: 19/32
 38928 | Vaults:3 | Found Ronobb's General Store.
 38935 | Vaults:3 | Bought a scroll of blinking for 127 gold pieces
 39257 | Vaults:3 | Reached skill level 10 in Armour
 39416 | Vaults:3 | Reached XP level 19. HP: 131/140 MP: 28/33
 39542 | Vaults:3 | Noticed Xtahua
 39559 | Vaults:3 | Killed Xtahua
 39602 | Vaults:3 | Reached skill level 15 in Dodging
 39607 | Vaults:3 | Noticed Boris
 39619 | Vaults:3 | Killed Boris
 39938 | Vaults:3 | Found a staircase to the Crypt.
 39938 | Vaults:3 | Found a basalt altar of Yredelemnul.
 39939 | Vaults:3 | Found an ancient bone altar of Kikubaaqudgha.
 40500 | Vaults:4 | Noticed Mara
 40502 | Vaults:4 | Killed Mara
 40742 | Vaults:4 | Got a smoking rapier
 40743 | Vaults:4 | Identified the cursed +1 rapier "Rattuar" {drain, +Fly rN+ MR+} (You found it on level 4 of the Vaults)
 40782 | Vaults:4 | Noticed Margery
 40889 | Vaults:4 | Killed Margery
 41628 | Vaults:4 | Reached skill level 18 in Stealth
 41791 | Vaults:4 | Reached XP level 20. HP: 148/153 MP: 23/34
 42565 | Snake:3  | Reached skill level 19 in Stealth
 42679 | Snake:3  | Got an ichor-stained cloak
 42695 | Snake:3  | Identified the cursed +0 cloak of the Pits of Slime {Int+4} (You found it on level 3 of the Snake Pit)
 42891 | Snake:3  | Reached skill level 5 in Necromancy
 43645 | Snake:3  | Killed Vashnia
 43774 | Snake:4  | Entered Level 4 of the Snake Pit
 43774 | Snake:4  | Found a stormy altar of Qazlal.
 44255 | Snake:4  | Found Sucekaum's Gadget Shoppe.
 44255 | Snake:4  | Found Citsisas's Distillery.
 44261 | Snake:4  | Reached skill level 10 in Necromancy
 44310 | Snake:4  | Bought a potion of heal wounds for 105 gold pieces
 44473 | Snake:4  | Found Zuregh's Antique Weapon Shoppe.
 45404 | Snake:4  | Got a serpentine rune of Zot
 46064 | Elf:1    | Entered Level 1 of the Elven Halls
 46087 | Elf:1    | Reached XP level 21. HP: 159/159 MP: 35/35
 46698 | Elf:1    | Found a bloodstained altar of Trog.
 47361 | Elf:1    | Cast into level 2 of the Abyss (trident of distortion)
 47425 | Abyss:2  | Found a corrupted altar of Lugonu.
 47469 | Abyss:2  | Found a corrupted altar of Lugonu.
 47492 | Abyss:2  | Found a corrupted altar of Lugonu.
 47539 | Elf:1    | Escaped the Abyss
 47549 | Elf:1    | Reached skill level 15 in Necromancy
 47681 | Elf:1    | Learned a level 7 spell: Haunt
 47693 | Elf:1    | Learned a level 8 spell: Infestation
 47701 | Elf:1    | Got a translucent golden amulet
 47702 | Elf:1    | Identified the amulet of Pugomes {Regen+ Int+4} (You found it on level 1 of the Elven Halls)
 47811 | Elf:1    | Reached skill level 1 in Summonings
 48300 | Elf:2    | Found a runed gate.
 48302 | Elf:2    | Found a runed gate.
 48303 | Elf:2    | Found a runed gate.
 48386 | Elf:2    | Reached skill level 5 in Summonings
 49423 | Elf:3    | Entered Level 3 of the Elven Halls
 49445 | Elf:3    | Found Huunith's Gadget Shop.
 50101 | Elf:3    | Reached skill level 10 in Summonings
 50503 | Elf:3    | Identified the Disquisition on the Mutagenic Traveller
 50506 | Elf:3    | Identified the Papyrus of Quantum Transformation
 50515 | Elf:3    | Identified the Catalogue of the Twisted Glacier
 50569 | Elf:3    | Got a heavily runed ring mail
 50580 | Elf:3    | Identified the +5 ring mail of Vanity {rF- Str+5 Slay+3} (You took it off a deep elf high priest on level 3 of the Elven Halls)
 50604 | Elf:3    | Identified Sif Muna's Papyrus of the Lucky Traveller
 50605 | Elf:3    | Identified the Almanac of Icy Earth
 50635 | Elf:3    | Identified the Volume of Beguiling and Lightness
 50664 | Elf:3    | Identified the Compendium of the Birds and the Rocks
 50779 | Elf:3    | Reached XP level 22. HP: 146/165 MP: 36/36
 51662 | Crypt:1  | Entered Level 1 of the Crypt
 52367 | Crypt:1  | Noticed Mennas
 52369 | Crypt:1  | Killed Mennas
 52369 | Crypt:1  | Reached skill level 20 in Stealth
 52459 | Crypt:1  | Reached skill level 21 in Stealth
 52994 | Crypt:2  | Reached skill level 22 in Stealth
 53535 | Crypt:2  | Reached skill level 23 in Stealth
 54276 | Crypt:3  | Entered Level 3 of the Crypt
 54307 | Crypt:2  | Reached skill level 24 in Stealth
 54923 | Crypt:3  | Reached skill level 25 in Stealth
 56384 | Vaults:3 | Found Ronobb's General Store.
 56761 | Crypt:3  | Found a staircase to the Tomb.
 56880 | Crypt:3  | Reached XP level 23. HP: 108/171 MP: 35/37
 57179 | Crypt:3  | Found an ancient bone altar of Kikubaaqudgha.
 57842 | Crypt:3  | Got a faintly humming crystal plate armour
 57845 | Crypt:3  | Identified the Tome of Stolen Souls
 57881 | Crypt:3  | Identified the cursed +0 crystal plate armour of Weirdness {Int-3 Slay+3 Stlth+} (You found it on level 3 of the Crypt)
 58910 | D:11     | Learned a level 3 spell: Tukima's Dance
 59022 | Depths:1 | Entered Level 1 of the Depths
 59153 | Depths:1 | Found Beneze's Pet Rocks.
 59801 | Depths:1 | Learned a level 5 spell: Dispel Undead
 59813 | Depths:1 | Found a portal to a secret trove of treasure.
 59836 | Trove    | Entered a treasure trove
 61500 | Depths:2 | Found a runed door.
 61877 | Depths:2 | Found a runed door.
 62047 | Depths:2 | Reached XP level 24. HP: 182/187 MP: 26/39
 62209 | Depths:2 | Reached skill level 15 in Fighting
 62685 | Depths:3 | Found a one-way gate leading to the halls of Pandemonium.
 63231 | Depths:3 | Noticed a juggernaut
 63294 | Depths:3 | Noticed Sojobo
 64069 | Depths:3 | Noticed Aizul
 64098 | Depths:3 | Noticed a juggernaut
 64398 | D:13     | Bought a scroll of blinking for 120 gold pieces
 64398 | D:13     | Bought a scroll of teleportation for 48 gold pieces
 64580 | Depths:2 | Gained mutation: Your flesh is cold resistant. (rC+) [potion of mutation]
 64580 | Depths:2 | Gained mutation: You have an increased reservoir of magic. (+10% MP) [potion of mutation]
 64580 | Depths:2 | Gained mutation: Your movements are slightly less encumbered by armour. (ER -2) [potion of mutation]
 64669 | Depths:3 | Got a crude mace {venom}
 64761 | Depths:3 | Killed a juggernaut
 64795 | Depths:3 | Killed Aizul
 64820 | Depths:3 | Killed Sojobo
 65165 | Depths:3 | Killed a juggernaut
 65287 | Depths:3 | Learned a level 5 spell: Metabolic Englaciation
 65471 | Depths:4 | Found a gateway to a ziggurat.
 65869 | Depths:4 | Reached XP level 25. HP: 149/197 MP: 44/45
 66089 | Depths:4 | Found a corrupted altar of Lugonu.
 66089 | Depths:4 | Found a one-way gate to the infinite horrors of the Abyss.
 66686 | Depths:4 | Reached skill level 15 in Spellcasting
 66730 | Depths:4 | Paralysed by a floating eye for 4 turns
 66740 | Depths:4 | Paralysed by a floating eye for 4 turns
 67359 | Depths:5 | Entered Level 5 of the Depths
 67467 | Depths:5 | Reached skill level 15 in Shields
 67722 | Depths:5 | Found a gate to the Realm of Zot.
 67788 | Depths:5 | Lost mutation: You have an increased reservoir of magic. (+10% MP) [mutagenic glow]
 68048 | Depths:5 | Reached skill level 26 in Stealth
 68128 | Depths:5 | Paralysed by a floating eye for 3 turns
 68131 | Depths:5 | Slain by a deep troll shaman

Skill      XL: |  1  2  3  4  5  6  7  8  9 10 11 12 13 14 15 16 17 18 19 20 21 22 23 24 25 |
---------------+----------------------------------------------------------------------------+-----
Maces & Flails | 1 2 3 4 5 |  5.2
Short Blades   | 2 6 9 10 12 13 14 | 14.0
Fighting       | 4 6 7 9 10 12 14 16 | 16.0
Hexes          | 7 11 14 15 | 15.0
Spellcasting   | 6 8 9 10 12 14 15 | 15.0
Ice Magic      | 1 5 |  5.3
Stealth        | 10 12 14 15 17 18 19 25 26 | 26.2
Armour         | 3 5 7 8 10 11 | 11.0
Dodging        | 4 7 9 11 12 14 15 | 15.0
Translocations | 3 |  3.5
Charms         | 5 |  5.0
Necromancy     | 3 13 15 16 18 20 | 20.0
Shields        | 9 11 13 14 15 | 15.0
Summonings     | 11 12 13 | 13.0
Long Blades    | |  2.8

Action                   |  1- 3 |  4- 6 |  7- 9 | 10-12 | 13-15 | 16-18 | 19-21 | 22-24 | 25-27 || total
-------------------------+-------+-------+-------+-------+-------+-------+-------+-------+-------++-------
Melee: Falchion          |     5 |       |       |       |       |       |       |       |       ||     5
       Bite              |     4 |    21 |    24 |    61 |   121 |   187 |   234 |   453 |    66 ||  1171
       Whip              |    72 |   191 |       |       |       |       |       |       |       ||   263
       Rapier            |       |    27 |   259 |   582 |  1112 |  1529 |  1802 |  2948 |   494 ||  8753
Throw: Javelin           |    23 |    11 |    17 |       |       |       |       |       |       ||    51
       Throwing net      |       |     1 |       |       |       |       |       |       |       ||     1
 Cast: Infusion          |     2 |       |       |       |       |       |       |       |       ||     2
       Confuse           |       |       |     9 |    66 |   100 |    59 |    42 |    77 |     4 ||   357
       Ensorcelled Hiber |       |       |       |    35 |    64 |    58 |    42 |    31 |     2 ||   232
       Tukima's Dance    |       |       |       |     7 |    15 |     4 |     1 |     5 |       ||    32
       Regeneration      |       |       |       |     1 |    16 |    39 |    58 |    74 |    14 ||   202
       Invisibility      |       |       |       |       |    15 |    16 |    13 |    25 |     4 ||    73
       Blink             |       |       |       |       |    11 |     5 |     9 |    14 |     1 ||    40
       Spectral Weapon   |       |       |       |       |     6 |    19 |    31 |     9 |       ||    65
       Haunt             |       |       |       |       |       |       |       |    23 |     7 ||    30
       Infestation       |       |       |       |       |       |       |       |     1 |     5 ||     6
Invok: Shadow Step       |       |       |       |     2 |     1 |     2 |     5 |     1 |       ||    11
Evoke: Wand              |       |       |       |       |       |       |     2 |       |       ||     2
  Use: Potion            |     7 |    17 |    18 |    40 |    62 |    69 |    66 |    88 |    12 ||   379
       Scroll            |       |       |    16 |     9 |    14 |     9 |    15 |    17 |     1 ||    81
 Stab: Sleeping          |     1 |     1 |       |    53 |    99 |   103 |    92 |    70 |     5 ||   424
       Confused          |       |       |     1 |    23 |    37 |    37 |    20 |    34 |     5 ||   157
       Distracted        |       |       |       |     4 |     6 |     9 |    17 |    33 |     3 ||    72
       Invisible         |       |       |       |     1 |    71 |    63 |    55 |   103 |    21 ||   314
Armor: Leather armour    |    20 |    57 |    16 |       |       |       |       |       |       ||    93
       Ring mail         |       |       |    50 |   188 |   238 |   251 |   161 |   395 |    82 ||  1365
Dodge: Dodged            |    58 |   143 |   115 |   347 |   708 |   748 |   644 |  1086 |   187 ||  4036
       Deflected         |       |       |       |       |    19 |    31 |    78 |    25 |     4 ||   157
Block: Shield            |       |       |       |       |       |   633 |   888 |  1437 |   239 ||  3197
